Map: Romanticide LE

Players

HeroMarine - Winner!

  • Race: Terran Terran
  • Spawn Location: 11:00

GunGFuBanDa

  • Race: Protoss Protoss
  • League: Master
  • Spawn Location: 5:00

Event: StayAtHome Story Cup #3

VOD

Have the link to the VOD?

Description

Time

  • Played on: March 11, 2021, 9:27 a.m.
  • Length: 20:57

All games in this series

Show
View Real Time Build Order
Export as new Build Order

HeroMarine Terran - Winner!

Build Orders: Reaper Expand 

Get SALT Encoding   

  12  0:00  SCV  
  13  0:12  SCV  
  14  0:17  Supply Depot  
  14  0:24  SCV  
  15  0:38  SCV  
  15  0:41  Barracks  
  16  0:44  Refinery  
  16  0:51  SCV  
  17  1:03  SCV  
  18  1:15  SCV  
  19  1:28  Reaper, Orbital Command  
  20  1:44  Command Center  
  20  1:51  Supply Depot  
  20  1:53  SCV  
  21  2:00  Marine  
  22  2:05  SCV  
  23  2:13  Bunker  
  23  2:16  Factory  
  23  2:19  SCV  
  24  2:23  Barracks Reactor  
  24  2:27  Refinery  
  24  2:31  SCV  
  25  2:43  SCV  
  25  2:55  SCV  
  26  2:59  Marine  
  26  3:00  Marine  
  26  3:03  Hellion  
  26  3:04  Starport  
  30  3:07  SCV  
  31  3:27  Marine  
  31  3:43  Marine, Medivac  
  31  3:44  Widow Mine, Orbital Command, Marine, SCV  
  38  3:56  SCV  
  38  4:01  Marine  
  38  4:02  Marine  
  40  4:06  Factory Tech Lab  
  40  4:08  SCV  
  42  4:10  SCV  
  42  4:16  Starport Tech Lab  
  43  4:19  Supply Depot  
  43  4:20  SCV, Supply Depot  
  43  4:23  SCV  
  46  4:36  SCV x2  
  46  4:40  Cyclone, Marine x2, Command Center, Viking  
  53  4:48  SCV x2, Barracks  
  55  4:54  Barracks  
  55  4:59  Marine  
  57  5:00  SCV x2  
  57  5:04  Supply Depot  
  59  5:11  Viking  
  59  5:12  SCV x2  
  62  5:18  Supply Depot  
  62  5:26  SCV x2, Marine x2  
  66  5:31  Refinery, Engineering Bay  
  66  5:38  SCV x2  
  68  5:44  Starport Reactor  
  68  5:45  Marauder, Stimpack  
  68  5:46  Barracks Tech Lab  
  70  5:50  SCV x2  
  70  5:51  Factory Reactor  
  70  5:55  Orbital Command, Barracks x2  
  72  5:58  Terran Infantry Weapons Level 1  
  72  6:02  SCV x2  
  74  6:12  Marine, Missile Turret  
  74  6:13  Refinery, Marine x3  
  74  6:15  SCV  
  74  6:16  SCV  
  74  6:17  Orbital Command  
  80  6:20  Missile Turret  
  80  6:22  Medivac  
  80  6:25  Medivac  
  84  6:29  SCV, Supply Depot  
  84  6:30  SCV, Marine  
  87  6:37  Marauder x2  
  87  6:38  Combat Shield  
  91  6:42  SCV  
  91  6:43  SCV  
  93  6:50  Supply Depot x2  
  93  6:51  SCV  
  93  6:54  SCV, Missile Turret  
  95  6:58  Medivac x2  
  95  6:59  SCV  
  100  7:03  SCV, Supply Depot  
  101  7:11  SCV x2  
  101  7:12  Supply Depot  
  101  7:14  Supply Depot  
  101  7:15  SCV  
  101  7:16  Barracks Tech Lab, Marauder x2  
  101  7:19  Marine x2  
  101  7:21  Marine x2  
  109  7:23  SCV  
  109  7:26  Factory Reactor  
  109  7:27  Starport, SCV  
  109  7:28  SCV  
  112  7:35  Refinery x2, SCV  
  111  7:38  Concussive Shells  
  111  7:39  SCV  
  111  7:41  SCV  
  111  7:44  Viking x2  
  117  7:47  SCV  
  118  7:51  SCV  
  118  7:52  Terran Infantry Armor Level 1, Marauder  
  118  7:53  SCV, Marauder  
  118  7:54  Marauder  
  126  7:59  SCV, Supply Depot  
  126  8:03  SCV  
  126  8:05  SCV  
  128  8:11  SCV  
  129  8:14  Marauder x2, Ghost Academy  
  129  8:16  SCV, Marauder, Viking x2  
  140  8:22  Bunker  
  140  8:23  Supply Depot  
  140  8:25  Viking  
  140  8:26  Viking  
  144  8:30  Supply Depot  
  144  8:32  Supply Depot  
  144  8:43  Marine x4  
  144  8:46  Ghost x2, Viking x2  
  156  8:49  Enhanced Shockwaves  
  156  8:55  Ghost  
  156  9:00  Marine  
  156  9:01  Marine x3  
  162  9:03  Viking  
  162  9:06  Viking  
  165  9:19  Marauder  
  165  9:20  Marauder, Marine x3  
  172  9:26  Engineering Bay  
  172  9:27  Armory, Command Center  
  172  9:34  Supply Depot  
  172  9:38  Medivac x2  
  176  9:39  Supply Depot  
  176  9:41  Supply Depot  
  176  9:48  Barracks, Ghost  
  176  9:49  Barracks  
  176  9:50  Barracks  
  176  9:51  Ghost  
  180  9:58  Ghost  
  175  10:06  Medivac  
  177  10:12  Marine x4  
  180  10:15  Terran Infantry Weapons Level 2  
  180  10:17  Ghost  
  182  10:26  Terran Ship Weapons Level 1  
  182  10:28  Marauder x2  
  186  10:29  SCV  
  186  10:30  SCV x2  
  185  10:41  Refinery, Terran Infantry Armor Level 2  
  185  10:42  Marine  
  185  10:43  Marine x2, Missile Turret  
  185  10:44  Marine  
  185  10:45  Barracks Tech Lab, Missile Turret  
  185  10:46  Barracks Reactor, Refinery  
  185  10:47  Barracks Tech Lab  
  185  10:48  SCV  
  185  10:49  SCV  
  191  10:53  SCV  
  191  10:56  Missile Turret  
  192  11:00  Marauder x2  
  196  11:04  Marauder  
  196  11:07  Planetary Fortress  
  198  11:17  Ghost  
  200  11:20  Sensor Tower  
  199  11:35  Ghost  
  199  11:37  Marauder  
  190  11:46  Liberator  
  190  11:47  Liberator x2, Ghost  
  188  11:50  Marauder x2  
  188  11:52  Command Center  
  194  12:02  Marauder  
  194  12:06  Viking  
  173  12:10  Marauder, Marine x2  
  173  12:12  Marauder, Marine x2  
  173  12:15  Marauder  
  166  12:16  Marauder  
  166  12:19  Marine x2  
  153  12:23  Marauder  
  153  12:27  Marine x2  
  153  12:29  Terran Ship Weapons Level 2, Liberator, Viking  
  159  12:30  Fusion Core  
  159  12:32  Marauder  
  159  12:34  Marauder  
  166  12:37  Ghost  
  166  12:40  Marauder  
  166  12:41  Marine x2  
  172  12:46  Liberator  
  175  12:51  Liberator  
  175  12:53  Marauder  
  175  12:55  Marauder x2  
  184  13:01  Marauder, Marine  
  180  13:08  Liberator  
  180  13:12  Liberator  
  179  13:16  Advanced Ballistics  
  155  13:29  Liberator  
  155  13:30  Marauder, Marine  
  155  13:31  Marauder x2, Marine  
  155  13:32  Marauder  
  148  13:34  Liberator  
  148  13:35  Marauder  
  148  13:37  Marine x2  
  148  13:40  Refinery  
  148  13:41  Refinery  
  155  13:51  Liberator  
  155  13:52  Marauder  
  155  13:53  Missile Turret  
  160  13:55  Sensor Tower  
  160  13:57  Terran Infantry Weapons Level 3  
  160  13:58  Marine  
  161  14:07  Liberator  
  165  14:12  Planetary Fortress  
  165  14:14  Marine x5  
  168  14:20  Marauder  
  168  14:21  Missile Turret  
  170  14:26  Ghost  
  170  14:27  Marauder  
  170  14:30  Marauder  
  176  14:33  Marauder  
  178  14:40  Liberator x2  
  178  14:42  Marauder  
  186  14:48  Marauder  
  186  14:49  Marine x2  
  186  14:51  Marauder  
  192  14:54  Marauder  
  194  15:01  Marauder  
  194  15:04  Marauder  
  198  15:11  Marauder  
  198  15:13  Marauder  
  187  15:14  Liberator, Ghost  
  187  15:15  Liberator  
  164  15:21  Ghost  
  164  15:23  Liberator  
  164  15:24  Liberator  
  164  15:25  Marauder  
  164  15:28  Marine  
  162  15:30  Marine x2  
  162  15:32  Marauder  
  162  15:34  Marauder  
  160  15:44  Marauder  
  160  15:46  Marauder  
  143  15:51  Marauder  
  143  15:54  Marauder  
  143  15:55  Marauder  
  133  15:57  Liberator x2  
  133  15:59  Marine  
  130  16:05  Marauder  
  130  16:07  Medivac  
  130  16:08  Marauder  
  130  16:09  Starport  
  137  16:11  Marine  
  137  16:12  Marauder, Marine  
  137  16:13  Marine  
  137  16:14  Ghost  
  137  16:17  Marauder  
  146  16:19  Marine  
  146  16:20  Marine  
  146  16:24  Medivac  
  147  16:27  Marine, Marauder, Terran Infantry Armor Level 3  
  147  16:29  Marauder, Marine  
  153  16:33  Marine x2  
  153  16:34  Marauder  
  153  16:37  Marine  
  153  16:38  Marauder  
  156  16:40  Medivac  
  156  16:43  Marauder  
  158  16:48  Marauder  
  158  16:49  Liberator  
  158  16:53  Medivac  
  158  16:54  Medivac  
  167  17:04  Medivac  
  163  17:10  Orbital Command, Medivac  
  163  17:14  Marauder  
  150  17:18  Marauder, Marine  
  150  17:19  Marauder  
  143  17:23  Marine, Marauder, Liberator  
  143  17:24  Liberator  
  143  17:27  Marauder  
  152  17:33  Marine x2  
  152  17:36  Marauder  
  152  17:37  Medivac  
  152  17:41  Marauder  
  152  17:44  Marauder  
  154  17:46  Marauder, Marine  
  142  17:52  Ghost  
  142  17:58  Liberator, Sensor Tower  
  147  18:02  Sensor Tower  
  147  18:04  Marauder  
  147  18:05  Medivac  
  151  18:09  Marauder  
  153  18:14  Marauder x2  
  157  18:21  Liberator  
  157  18:22  Orbital Command  
  155  18:29  Marauder x2, Marine x2  
  160  18:35  Liberator  
  160  18:37  Marine  
  160  18:39  Marine  
  165  18:43  Marauder, Marine  
  165  18:47  Medivac  
  170  18:52  Marauder  
  174  18:56  Marauder  
  174  18:58  Marine x2  
  174  19:01  Medivac  
  178  19:04  Marauder  
  182  19:10  Marauder  
  182  19:13  Marauder x2  
  163  19:17  Marine  
  163  19:23  Medivac  
  159  19:26  Marauder  
  159  19:27  Marine  
  162  19:35  Ghost  
  161  19:46  Liberator  
  164  19:56  Marine x5  
  164  19:59  Marauder x2  
  174  20:00  Marauder x2  
  174  20:09  Marine x2  
  176  20:14  Marine  
  176  20:21  Marauder x3  
  183  20:26  Marauder  
  183  20:27  Marauder  
  187  20:35  Marine  
Show
View Real Time Build Order
Export as new Build Order

GunGFuBanDa Protoss 

Build Orders: 1 Gate Expand, Phoenix Opening 

Get SALT Encoding   

  12  0:00  Probe  
  13  0:12  Probe  
  14  0:19  Pylon  
  14  0:24  Probe  
  15  0:37  Probe (Chrono Boost)  
  15  0:38  Gateway  
  16  0:46  Probe (Chrono Boost), Assimilator  
  17  0:51  Probe  
  18  1:04  Probe  
  19  1:16  Probe  
  20  1:25  Cybernetics Core  
  20  1:33  Nexus  
  20  1:40  Pylon  
  20  1:43  Probe  
  21  1:56  Probe  
  21  1:58  Assimilator, Adept (Chrono Boost)  
  24  2:05  Shield Battery  
  24  2:09  Probe  
  25  2:18  Adept (Chrono Boost)  
  25  2:21  Probe  
  28  2:32  Stargate  
  28  2:33  Probe  
  29  2:45  Probe  
  29  2:49  Stalker (Chrono Boost)  
  32  2:52  Probe  
  32  2:57  Probe  
  32  2:58  Warp Gate  
  34  3:04  Probe (Chrono Boost)  
  33  3:13  Probe (Chrono Boost)  
  33  3:17  Probe (Chrono Boost)  
  34  3:21  Phoenix  
  34  3:24  Probe (Chrono Boost)  
  34  3:25  Probe (Chrono Boost)  
  38  3:34  Probe x2  
  36  3:44  Gateway  
  36  3:46  Probe x2  
  36  3:48  Phoenix (Chrono Boost)  
  38  3:54  Shield Battery  
  40  3:58  Probe x2  
  40  4:00  Robotics Facility  
  42  4:06  Shield Battery  
  42  4:10  Probe x2, Phoenix (Chrono Boost)  
  42  4:14  Pylon  
  46  4:20  Assimilator  
  46  4:27  Assimilator  
  46  4:32  Probe x2, Pylon  
  46  4:34  Phoenix (Chrono Boost)  
  50  4:44  Probe x2  
  52  4:56  Probe x2  
  52  4:58  Phoenix  
  59  5:01  Observer (Chrono Boost)  
  59  5:06  Pylon  
  56  5:08  Nexus  
  56  5:09  Probe  
  57  5:18  Immortal  
  61  5:26  Adept x2  
  65  5:30  Probe, Shield Battery  
  65  5:32  Probe  
  67  5:36  Robotics Bay  
  67  5:42  Probe  
  68  5:44  Probe  
  68  5:45  Pylon  
  69  5:54  Probe  
  70  6:03  Probe  
  71  6:05  Sentry, Adept  
  71  6:06  Probe  
  71  6:09  Observer (Chrono Boost)  
  71  6:10  Pylon  
  76  6:15  Probe  
  77  6:19  Probe  
  77  6:20  Probe  
  77  6:24  Colossus (Chrono Boost)  
  85  6:26  Forge  
  85  6:27  Probe  
  85  6:31  Probe  
  85  6:32  Probe  
  88  6:38  Observer  
  88  6:39  Probe  
  89  6:42  Extended Thermal Lance  
  89  6:43  Probe  
  89  6:44  Probe  
  89  6:45  Pylon  
  91  6:47  Twilight Council  
  91  6:51  Probe  
  92  6:54  Assimilator  
  92  6:55  Probe, Assimilator  
  92  6:56  Probe  
  92  6:57  Pylon  
  94  7:03  Probe  
  94  7:05  Colossus (Chrono Boost)  
  94  7:07  Probe  
  102  7:08  Probe  
  102  7:11  Pylon  
  102  7:15  Probe  
  102  7:19  Pylon, Forge  
  102  7:22  Charge (Chrono Boost)  
  103  7:24  Protoss Ground Weapons Level 1 (Chrono Boost), Zealot, Stalker  
  106  7:31  Gateway x2  
  106  7:37  Gateway  
  106  7:39  Gateway  
  106  7:42  Templar Archives  
  106  7:47  Protoss Ground Armor Level 1 (Chrono Boost)  
  106  7:50  Pylon  
  106  7:52  Photon Cannon  
  106  7:53  Colossus (Chrono Boost)  
  112  8:00  Psionic Storm  
  112  8:01  Gateway  
  112  8:02  Gateway  
  110  8:16  Zealot x2  
  113  8:22  Pylon  
  113  8:29  Pylon  
  113  8:30  High Templar x2  
  113  8:32  Immortal  
  121  8:35  Pylon  
  121  8:44  High Templar, Zealot  
  121  8:45  Zealot x2  
  130  8:48  Probe  
  130  8:57  High Templar  
  130  8:58  Blink (Chrono Boost)  
  130  8:59  Pylon, Stalker  
  130  9:02  Nexus  
  134  9:10  Zealot x2  
  134  9:11  Stalker x3  
  134  9:12  Probe  
  134  9:14  Probe x2  
  134  9:16  Pylon  
  145  9:22  High Templar  
  145  9:24  Immortal  
  145  9:27  Probe  
  146  9:38  Stalker x3  
  146  9:39  Zealot, Stalker  
  146  9:40  Zealot x2  
  160  9:57  Archon x2  
  160  10:01  Zealot x4  
  160  10:06  High Templar x3  
  163  10:13  Protoss Ground Armor Level 2 (Chrono Boost)  
  163  10:22  Nexus  
  163  10:23  Probe, Pylon  
  163  10:25  Probe, Protoss Ground Weapons Level 2 (Chrono Boost)  
  165  10:41  Probe, Pylon, Immortal (Chrono Boost)  
  170  10:44  Pylon x2, Dark Shrine  
  170  10:47  Shield Battery x2  
  170  10:49  Pylon  
  170  10:57  Photon Cannon  
  170  10:58  High Templar  
  170  11:00  Pylon  
  170  11:14  Disruptor (Chrono Boost)  
  170  11:17  Gateway, High Templar  
  175  11:18  Gateway  
  175  11:21  Gateway  
  175  11:26  Pylon  
  163  11:42  Zealot x7  
  163  11:46  Disruptor (Chrono Boost)  
  144  12:10  Zealot x8  
  144  12:12  Archon  
  127  12:19  Immortal (Chrono Boost)  
  111  12:23  Robotics Facility  
  111  12:29  High Templar  
  113  12:32  High Templar x3, Zealot  
  113  12:33  Zealot x4  
  113  12:34  Archon  
  129  12:37  Protoss Ground Armor Level 3 (Chrono Boost)  
  129  12:38  Assimilator  
  129  12:39  Assimilator  
  129  12:43  Stalker  
  129  12:44  Stalker  
  133  12:50  Immortal (Chrono Boost)  
  122  12:57  Stalker x5  
  118  13:10  Stalker x3  
  118  13:12  Colossus (Chrono Boost), Zealot x3  
  124  13:19  Immortal (Chrono Boost)  
  111  13:35  Stalker x4  
  111  13:36  Zealot x4, Sentry  
  111  13:37  Zealot x2  
  111  13:41  Nexus  
  131  13:47  Disruptor (Chrono Boost)  
  134  13:53  Disruptor  
  137  13:59  High Templar x2  
  141  14:07  Protoss Ground Weapons Level 3 (Chrono Boost)  
  141  14:08  Zealot  
  143  14:13  Pylon  
  143  14:14  Zealot x6  
  155  14:17  Dark Templar  
  155  14:22  Dark Templar  
  159  14:28  Probe  
  160  14:36  Void Ray (Chrono Boost)  
  160  14:38  High Templar x2  
  166  14:56  Disruptor x2  
  170  15:05  Zealot x9  
  181  15:09  Archon  
  153  15:14  Probe x2  
  127  15:27  Stalker x4  
  131  15:35  Zealot x2  
  131  15:42  Disruptor  
  116  15:52  Zealot x2  
  116  16:02  Disruptor  
  115  16:11  High Templar x4  
  123  16:19  Nexus  
  123  16:25  Dark Templar  
  123  16:28  Zealot, Sentry  
  123  16:29  Zealot  
  131  16:50  Stalker x5  
  141  16:57  Zealot x4  
  131  17:22  Stalker x7  
  117  17:38  Zealot x4  
  125  17:47  Zealot x5  
  131  17:57  Pylon  
  123  18:08  High Templar x4  
  127  18:23  Nexus  
  109  18:28  Stalker  
  109  18:29  Stalker x4  
  112  18:36  Probe  
  111  18:44  Probe x3  
  111  18:45  Probe, Dark Templar  
  117  18:49  Stalker x2, Sentry  
  117  18:54  Void Ray (Chrono Boost)  
  123  19:06  Dark Templar  
  103  19:25  Dark Templar  
  105  19:34  Stalker x3  
  105  19:35  Zealot x5  
  116  20:04  Nexus  
  116  20:07  High Templar x2  
  116  20:13  Stalker  
  116  20:14  Stalker  
  110  20:30  High Templar x2  
  110  20:37  Archon  
  110  20:39  Archon x2  
  106  20:43  Zealot x4  
Tags
 
Add a new tag
Caveats
  • Supply blocks, unpowered buildings, or Contaminate may cause inaccurate times.
  • Supply counts are checked every 10 seconds.